 Dungeon Crawl Stone Soup version 0.24.0-37-gcf1ca852f1 (webtiles) character file.

Game seed: 14753580217810499237, levelgen mode: deterministic

76 PentaManta the Slasher (level 4, -1/35 HPs)
             Began as a Formicid Monk on Dec 6, 2019.
             Slain by Natasha (7 damage)
             ... on level 3 of the Dungeon.
             The game lasted 00:04:01 (2211 turns).

PentaManta the Slasher (Formicid Monk)              Turns: 2211, Time: 00:04:02

Health: -1/35      AC:  6    Str: 17    XL:     4   Next: 57%
Magic:  4/4        EV: 10    Int:  9    God:
Gold:   87         SH:  0    Dex: 13    Spells: 3/3 levels left

rFire    . . .     SeeInvis +   d - +0 dagger
rCold    . . .     Gourm    .   (no shield)
rNeg     . . .     Faith    .   m - +0 scale mail
rPois    .         Spirit   .   (helmet unavailable)
rElec    .         Reflect  .   (no cloak)
rCorr    .         Harm     .   (no gloves)
MR       .....                  (no boots)
Stlth    +.........             (no amulet)
HPRegen  0.11/turn              (no ring)
MPRegen  0.09/turn              (no ring)

@: no status effects
A: permanent stasis, dig shafts and tunnels, four strong arms, antennae 3
a: Dig, Shaft Self


You were on level 3 of the Dungeon.
You were not hungry.

You visited 1 branch of the dungeon, and saw 4 of its levels.

You collected 87 gold pieces.

Inventory:

Hand Weapons
 a - a +0 falchion
 d - a +0 dagger (weapon)
Armour
 m - a +0 scale mail (worn)
Scrolls
 b - a scroll of enchant weapon {unknown}
 e - a scroll of fear {unknown}
 f - a scroll of teleportation {unknown}
 g - a scroll of noise {unknown}
 h - a scroll of enchant armour {unknown}
 i - 2 scrolls of identify {unknown}
 j - a scroll of remove curse {unknown}
 k - a scroll of blinking {unknown}
 n - a scroll of magic mapping {unknown}
Potions
 l - a potion of flight {unknown}
Comestibles
 c - 3 rations
 o - 4 chunks of flesh


   Skills:
 - Level 3.2 Fighting
 + Level 5.0 Long Blades
 - Level 2.6 Dodging
 - Level 2.4 Stealth


You had 3 spell levels left.
You didn't know any spells.
Your spell library was empty.

Dungeon Overview and Level Annotations

Branches:
Dungeon (4/15)
 Temple: D:4-7

Altars:
Dithmenos

Annotations:
D:3 Natasha


Innate Abilities, Weirdness & Mutations

You cannot be hasted, slowed, berserked, paralysed or teleported.
You can dig through walls and to a lower floor.
Your four strong arms can wield two-handed weapons with a shield.
You have a pair of large antennae on your head. (SInv)


Message History

You hit Natasha but do no damage.
Natasha is severely wounded.
Natasha misses you.
The crimson imp blinks!
You hit Natasha but do no damage.
Natasha is severely wounded.
The goblin closely misses you. Natasha claws you but does no damage.
You barely miss Natasha.
Natasha is severely wounded.
The goblin hits you but does no damage.
Natasha stares at you and mumbles some strange words.
You resist with some effort.
The crimson imp blinks!
You barely miss Natasha.
Natasha is severely wounded.
The goblin hits you with a +0 dagger. Natasha claws you!
* * * LOW HITPOINT WARNING * * *
The crimson imp hits you but does no damage.
You hit Natasha.
Natasha is severely wounded.
The goblin hits you but does no damage. Natasha claws you!
You die...

#.r.{..#....#.#........
#....{{#....#.........
#......g....##....###
#......r....##....#
#...........##....#
#...........##...#......
#..........####..#.#....
#......#'### #.h# # ...
#......#.######5@# { ..
#......#.....ยง.g.# {
################.# #.#
{#.# #.# #.# #.# #.#


You could see Natasha, a crimson imp and a goblin.

Vanquished Creatures
  2 adders (D:2)
  An ooze (D:2)
  2 dart slugs
  3 leopard geckos (D:2)
  An orc (D:4)
  A ball python (D:4)
  3 giant cockroaches
  6 goblins
  5 hobgoblins
  3 jackals (D:2)
  4 bats
  2 kobolds
  11 rats
44 creatures vanquished.

Vanquished Creatures (others)
  An orc wizard (D:4)
  An adder (D:4)
2 creatures vanquished.

Grand Total: 46 creatures vanquished

Notes
Turn   | Place    | Note
-------+----------+-------------------------------------------
     0 | D:1      | PentaManta the Formicid Monk began the quest for the Orb.
     0 | D:1      | Reached XP level 1. HP: 18/18 MP: 1/1
   151 | D:1      | Reached XP level 2. HP: 24/24 MP: 2/2
  1054 | D:2      | Reached skill level 4 in Long Blades
  1054 | D:2      | Reached XP level 3. HP: 23/29 MP: 3/3
  1422 | D:2      | Reached XP level 4. HP: 32/35 MP: 4/4
  1830 | D:2      | Found a shadowy altar of Dithmenos.
  2066 | D:3      | Noticed Natasha
  2094 | D:4      | Reached skill level 5 in Long Blades
  2211 | D:3      | Slain by Natasha

Levels and vault maps discovered:
D:1:      mrwooster_arrival_arrow, layout_loops_ring,
          ebering_dispersal_statue_hall
D:2:      layout_basic, first_ration, nicolae_dithmenos_through_a_glass_darkly
D:3:      layout_basic, marbit_many_paths, uniq_natasha
D:4:      layout_basic, nicolae_ru_awakened_eye, lemuel_coloured_pillars_altar,
          nicolae_overflow_crystal_walls, xom_confusion_cloud,
          lemuel_temple_firewalk_b, elyvilon_altar_5

Skill      XL: |  1  2  3  4 |
---------------+-------------+-----
Long Blades    | 4 5 |  5.0
Fighting       | |  3.2
Dodging        | |  2.6
Stealth        | |  2.4

Action                   |  1- 3 |  4- 6 || total
-------------------------+-------+-------++-------
Melee: Dagger            |   132 |    94 ||   226
 Stab: Sleeping          |     3 |       ||     3
  Eat: Chunk             |     2 |     2 ||     4
Armor: Scale mail        |    29 |    48 ||    77
       Robe              |     4 |       ||     4
Dodge: Dodged            |    65 |    68 ||   133
       Rpst.: Falchion   |     1 |       ||     1
